 Dungeon Crawl Stone Soup version 0.16.1 (webtiles) character file.

333 Fiveotanaka the Basher (level 6, -3/50 HPs)
             Began as a Minotaur Gladiator on Mar 24, 2015.
             Was an Initiate of Makhleb.
             Slain by an iguana (4 damage)
             ... on level 4 of the Dungeon.
             The game lasted 00:03:50 (2438 turns).

Fiveotanaka the Basher (Minotaur Gladiator)         Turns: 2438, Time: 00:03:50

Health: -3/50      AC:  5    Str: 19    XL:     6   Next: 27%
Magic:  3/3        EV: 12    Int:  5    God:    Makhleb [......]
Gold:   157        SH:  0    Dex: 13    Spells: 0 memorised, 5 levels left

rFire  . . .     SeeInvis .     a - +0 flail
rCold  . . .     Clarity  .     m - +0 ring mail
rNeg   . . .     SustAb   .     (no shield)
rPois  .         Gourm    .     c - +0 hat
rElec  .         Spirit   .     (no cloak)
rCorr  .         Warding  .     (no gloves)
rMut   .         Stasis   .     (no boots)
MR     .....                    v - amulet of regeneration
Stlth  +.........               (no ring)
                                (no ring)

@: not resistant to hostile enchantments, very unstealthy
A: retaliatory headbutt, horns 2
a: Renounce Religion


You were on level 4 of the Dungeon.
You worshipped Makhleb.
Makhleb was noncommittal.
You were not hungry.

You visited 1 branch of the dungeon, and saw 4 of its levels.

You collected 157 gold pieces.

Inventory:

Hand weapons
 a - a +0 flail (weapon)
Missiles
 d - 3 throwing nets (quivered)
Armour
 b - a +0 leather armour
 c - a +0 hat (worn)
 m - a +0 ring mail (worn)
Jewellery
 v - an amulet of regeneration (around neck)
 z - an uncursed amulet of guardian spirit
 A - an uncursed ring of protection from magic {unknown}
Scrolls
 e - 12 scrolls of identify {unknown}
 g - 4 scrolls of remove curse {unknown}
 j - 3 scrolls of enchant armour {unknown}
 k - a scroll of magic mapping {unknown}
 n - a scroll of enchant weapon {unknown}
 o - 2 scrolls of fog {unknown}
 p - 2 scrolls of noise {unknown}
 r - 2 scrolls of immolation {unknown}
 t - a scroll of teleportation {unknown}
 x - a scroll of blinking {unknown}
 y - a scroll of recharging {unknown}
Potions
 h - 2 potions of restore abilities {unknown}
 l - 2 potions of curing {unknown}
 q - 3 potions of heal wounds {unknown}
 u - 2 potions of lignification {unknown}
Books
 s - a book of the Warp

   Spells                             Type                      Level
   a - Recall                         Summoning/Translocation      3
   b - Control Teleport               Charms/Translocation         4
   c - Force Lance                    Conjuration/Translocation    4
   d - Phase Shift                    Translocation                5
   e - Warp Weapon                    Charms/Translocation         5
   f - Gell's Gravitas                Hexes/Translocation          5
   g - Summon Forest                  Summoning/Translocation      5
Comestibles
 f - 4 bread rations
 i - a meat ration
 w - 3 chunks of flesh


   Skills:
 - Level 2.4 Fighting
 + Level 8.5 Maces & Flails
 - Level 2.0 Throwing
 - Level 3.2 Dodging


You had 5 spell levels left.
You didn't know any spells.

Dungeon Overview and Level Annotations

Branches:
Dungeon (4/15)
 Temple: D:4-7

Altars:
Ashenzari
Elyvilon
Makhleb
Xom
Zin
The Shining One


Innate Abilities, Weirdness & Mutations

You reflexively headbutt those who attack you in melee.
You have a pair of horns on your head.


Message History

Unknown command.
You closely miss the orc priest. Your headbutt misses the orc priest.
The orc priest is lightly wounded.
The iguana bites you but does no damage.
The orc priest barely misses you.
You hit the orc priest.
The orc priest is moderately wounded.
The iguana barely misses you. You furiously retaliate!
You headbutt the iguana.
The orc priest hits you with a short sword.
* * * LOW HITPOINT WARNING * * *
You hit the orc priest!
The orc priest is almost dead.
The iguana bites you.
* * * LOW HITPOINT WARNING * * *
The orc priest misses you.
Unknown command.
You hit the orc priest but do no damage.
The orc priest is almost dead.
The iguana bites you.
You die...

. #.........>+
#..........#
#..........#
#..........#
##..........#
#...........#
#...#########
#.........#
#..@†.....#
#......l)o.....#
#####.##......#
... ......# ...<
......# ...##
...... .. #####


You could see an iguana and an orc priest.

Vanquished Creatures
  A crimson imp (D:3)
  An orc priest (D:3)
  2 hounds
  An orc wizard (D:4)
  A worker ant (D:4)
  9 adders
  A worm (D:3)
  9 orcs
  9 bats
  5 giant cockroaches
  9 hobgoblins
  3 quokkas
  2 giant geckos (D:2)
  3 giant newts
  13 goblins
  6 rats
75 creatures vanquished.

Notes
Turn   | Place    | Note
--------------------------------------------------------------
     0 | D:1      | Fiveotanaka, the Minotaur Gladiator, began the quest for the Orb.
     0 | D:1      | Reached XP level 1. HP: 18/18 MP: 1/1
    58 | D:1      | Reached skill level 4 in Maces & Flails
   105 | D:1      | Reached XP level 2. HP: 25/25 MP: 1/1
   514 | D:2      | Reached skill level 5 in Maces & Flails
   518 | D:2      | Reached XP level 3. HP: 16/30 MP: 2/2
   837 | D:2      | Found a shattered altar of Ashenzari.
   992 | D:2      | Reached XP level 4. HP: 37/37 MP: 2/2
  1388 | D:3      | Reached skill level 6 in Maces & Flails
  1416 | D:3      | Found a white marble altar of Elyvilon.
  1416 | D:3      | Found a glowing golden altar of the Shining One.
  1416 | D:3      | Found a glowing silver altar of Zin.
  1846 | D:3      | Reached skill level 7 in Maces & Flails
  1846 | D:3      | Reached XP level 5. HP: 42/42 MP: 2/2
  2194 | D:3      | Found a burning altar of Makhleb.
  2195 | D:3      | Found a shimmering altar of Xom.
  2204 | D:3      | Paralysed by a crimson imp for 6 turns
  2220 | D:3      | Became a worshipper of Makhleb the Destroyer
  2313 | D:4      | Reached skill level 8 in Maces & Flails
  2313 | D:4      | Reached XP level 6. HP: 50/50 MP: 3/3
  2437 | D:4      | HP: 1/50 [iguana (5)]
  2438 | D:4      | Slain by an iguana

Action                   |  1- 3 |  4- 6 || total
-------------------------+-------+-------++-------
Melee: Flail             |    73 |    97 ||   170
 Stab: Invisible         |       |     1 ||     1
  Eat: Chunk             |       |     5 ||     5
